[Event "SVK Extraliga 2019-20"]
[Site "Slovakia"]
[Date "2020.09.05"]
[Round "10.5"]
[White "Jacko, Vladimir"]
[Black "Vojtek, Vladimir"]
[Result "1-0"]
[ECO "B90"]
[WhiteElo "2333"]
[BlackElo "2247"]
[Annotator "ChessBase"]
[PlyCount "87"]
[EventDate "2019.10.19"]
[EventType "team-tourn"]
[EventCountry "SVK"]
[SourceTitle "playchess.com"]
[Source "ChessBase"]
[SourceQuality "1"]
[WhiteTeam "Prakovce"]
[BlackTeam "Dubnica"]
[TimeControl "40/5400+30:1800+30"]

1. e4 c5 2. Nf3 d6 3. d4 cxd4 4. Nxd4 Nf6 5. Nc3 a6 6. Bc4 e6 7. f4 b5 8. Bb3 Bb7 9. O-O Be7 10. Kh1 Nc6 11. f5 Nxd4 12. Qxd4 e5 13. Qd3 h6 14. a3 Rc8 15. Re1 Rc7 16. Bd2 Qa8 17. Re2 Rd7 18. Qg3 Kf8 19. Rae1 Bd8 20. Qd3 Bb6 21. a4 b4 22. Nd5 Bxd5 23. Bxd5 Nxd5 24. exd5 Bc5 25. f6 gxf6 26. Qf5 Ke7 27. Rf1 Kd8 28. c3 a5 29. Qxf6+ Kc7 30. Rc1 b3 31. c4 Bd4 32. Bc3 Bxc3 33. Rxc3 Rb8 34. Qf3 Rb4 35. c5 dxc5 36. Rxe5 Kb6 37. Qf6+ Ka7 38. Rxc5 Rxa4 39. h3 Qb8 40. Rc6 Ra1+ 41. Kh2 Qb5 42. Re7 Qb8+ 43. d6 Rb7 44. Qd4+ 1-0

[Event "SVK Extraliga 2019-20"]
[Site "Slovakia"]
[Date "2020.09.05"]
[Round "10.5"]
[White "Fiacan, Robert"]
[Black "Walterova, Ema"]
[Result "0-1"]
[ECO "C55"]
[WhiteElo "2231"]
[BlackElo "1802"]
[Annotator "ChessBase"]
[PlyCount "50"]
[EventDate "2019.10.19"]
[EventType "team-tourn"]
[EventCountry "SVK"]
[SourceTitle "playchess.com"]
[Source "ChessBase"]
[SourceQuality "1"]
[WhiteTeam "Snina"]
[TimeControl "40/5400+30:1800+30"]

1. e4 e5 2. Nf3 Nc6 3. d4 exd4 4. Bc4 Nf6 5. e5 d5 6. Bb5 Nd7 7. O-O Be7 8. Re1 O-O 9. Bxc6 bxc6 10. Nxd4 Nb8 11. Qh5 c5 12. Nf3 f6 13. e6 Nc6 14. Nc3 Nb4 15. Re2 Ba6 16. Rd2 d4 17. Ne4 Nd5 18. c3 d3 19. b3 Bd6 20. g3 Ne7 21. c4 Bb7 22. Nxd6 Qxd6 23. Ne1 Qxe6 24. Ba3 Qe4 25. f3 Qd4+ 0-1

[Event "SVK Extraliga 2019-20"]
[Site "Slovakia"]
[Date "2020.09.05"]
[Round "10.5"]
[White "Kantorik, Marian"]
[Black "Vass, Frantisek"]
[Result "1/2-1/2"]
[ECO "D35"]
[WhiteElo "2211"]
[BlackElo "2310"]
[Annotator "ChessBase"]
[PlyCount "54"]
[EventDate "2019.10.19"]
[EventType "team-tourn"]
[EventCountry "SVK"]
[SourceTitle "playchess.com"]
[Source "ChessBase"]
[SourceQuality "1"]
[WhiteTeam "Dunajov"]
[BlackTeam "Podhajska"]
[TimeControl "40/5400+30:1800+30"]

1. d4 d5 2. c4 e6 3. Nc3 Nf6 4. cxd5 exd5 5. Bg5 Be7 6. e3 O-O 7. Bd3 c6 8. Nge2 Nbd7 9. Qc2 Re8 10. O-O Nf8 11. Bxf6 Bxf6 12. b4 Qd6 13. b5 Bd7 14. a4 Rac8 15. bxc6 bxc6 16. Rac1 h6 17. e4 dxe4 18. Nxe4 Qe7 19. Qc5 Bg5 20. Rb1 Ne6 21. Qxe7 Bxe7 22. Rb7 Rc7 23. Rxc7 Nxc7 24. Rb1 Bc8 25. Rc1 Bd7 26. Rb1 Bc8 27. Rc1 Bd7 1/2-1/2

[Event "SVK Extraliga 2019-20"]
[Site "Slovakia"]
[Date "2020.09.05"]
[Round "10.6"]
[White "Czebe, Attila"]
[Black "Druska, Juraj"]
[Result "1/2-1/2"]
[ECO "B36"]
[WhiteElo "2379"]
[BlackElo "2500"]
[Annotator "RC"]
[PlyCount "129"]
[EventDate "2019.10.19"]
[EventType "team-tourn"]
[EventCountry "SVK"]
[SourceTitle "playchess.com"]
[Source "ChessBase"]
[SourceQuality "1"]
[WhiteTeam "Streda"]
[BlackTeam "Prakovce"]
[TimeControl "40/5400+30:1800+30"]

1. e4 c5 2. Nf3 Nc6 3. d4 cxd4 4. Nxd4 g6 5. c4 Nf6 6. Nc3 d6 7. Be2 Nxd4 8. Qxd4 Bg7 9. Bg5 O-O 10. Qd2 Be6 11. Rc1 a6 12. O-O Qa5 13. Rfd1 Rfc8 14. Bxf6 Bxf6 15. Nd5 Qxd2 16. Nxf6+ exf6 17. Rxd2 Rc6 18. b3 Kf8 19. Rcd1 Ke7 20. f4 Rac8 21. Bf3 Rb6 22. Rd3 h5 23. R1d2 Rc5 24. Kf2 Ra5 25. Ke3 Rc5 26. g3 Bg4 27. Bg2 Be6 28. h4 Bg4 29. Kd4 Be6 30. Re3 a5 31. Bf1 Rbc6 32. a3 Rc8 33. Rb2 R5c7 34. a4 Rc6 35. Rd2 Rb6 36. Kc3 Rc5 37. Be2 Rb4 38. f5 gxf5 39. exf5 Rxf5 40. Rd5 Kf8 41. Rxf5 Bxf5 42. Bxh5 Be6 43. Bf3 Rb6 44. Rd3 f5 45. Rd4 Ke7 46. h5 Kf6 47. g4 fxg4 48. Bxg4 Bxg4 49. Rxg4 Rc6 50. h6 Rc8 51. Rd4 Rd8 52. c5 d5 53. b4 Ke5 54. h7 Rh8 55. Rh4 d4+ 56. Kc4 axb4 57. Kxb4 f5 58. Kc4 f4 59. Kd3 f3 60. a5 Kf5 61. c6 bxc6 62. a6 Kg5 63. Rh1 Kf4 64. a7 f2 65. Kxd4 1/2-1/2

[Event "SVK Extraliga 2019-20"]
[Site "Slovakia"]
[Date "2020.09.05"]
[Round "10.6"]
[White "Zpevak, Pavel"]
[Black "Zambor, Norbert"]
[Result "1/2-1/2"]
[ECO "A05"]
[WhiteElo "2344"]
[BlackElo "2262"]
[Annotator "ChessBase"]
[PlyCount "42"]
[EventDate "2019.10.19"]
[EventType "team-tourn"]
[EventCountry "SVK"]
[SourceTitle "playchess.com"]
[Source "ChessBase"]
[SourceQuality "1"]
[WhiteTeam "Dubnica"]
[BlackTeam "Prakovce"]
[TimeControl "40/5400+30:1800+30"]

1. Nf3 Nf6 2. d4 e6 3. c4 c5 4. e3 cxd4 5. exd4 d5 6. Nc3 Be7 7. a3 O-O 8. Bd3 dxc4 9. Bxc4 a6 10. O-O b5 11. Ba2 Bb7 12. Qe2 Nbd7 13. Bg5 Nb6 14. Rad1 Nbd5 15. Nxd5 Bxd5 16. Bb1 Rc8 17. Ne5 Nd7 18. Qh5 f5 19. Bxe7 Qxe7 20. Nd3 Qd6 21. Qh4 Be4 1/2-1/2

[Event "SVK Extraliga 2019-20"]
[Site "Slovakia"]
[Date "2020.09.05"]
[Round "10.6"]
[White "Briestensky, Rastislav"]
[Black "Varga, Lukas"]
[Result "1-0"]
[ECO "A46"]
[WhiteElo "2301"]
[BlackElo "2065"]
[Annotator "ChessBase"]
[PlyCount "79"]
[EventDate "2019.10.19"]
[EventType "team-tourn"]
[EventCountry "SVK"]
[SourceTitle "playchess.com"]
[Source "ChessBase"]
[SourceQuality "1"]
[WhiteTeam "Slovan"]
[BlackTeam "Kosice"]
[TimeControl "40/5400+30:1800+30"]

1. d4 Nf6 2. Nf3 c5 3. e3 d5 4. Be2 Nc6 5. O-O Bg4 6. c3 Bxf3 7. Bxf3 e5 8. dxc5 e4 9. Be2 Bxc5 10. b4 Bd6 11. Na3 Be5 12. Bd2 O-O 13. Rc1 Qd6 14. h3 a5 15. Nb5 Qe7 16. a3 Nd7 17. Qb3 Nb6 18. Rfd1 Qe6 19. Nd4 Qf6 20. Be1 Rfc8 21. Bb5 axb4 22. axb4 Nc4 23. Nxc6 Ra3 24. Qb1 Rxc6 25. Bxc6 Qxc6 26. Rc2 g6 27. Ra2 Bxc3 28. Rxa3 Nxa3 29. Qb3 Bxe1 30. Qxa3 Bxf2+ 31. Kxf2 Qc2+ 32. Ke1 Qxg2 33. Rxd5 Qg1+ 34. Kd2 Qf2+ 35. Kc1 Qf1+ 36. Rd1 Qxh3 37. Qc3 f6 38. Qc4+ Kg7 39. Qxe4 h5 40. Qxb7+ 1-0

[Event "SVK Extraliga 2019-20"]
[Site "Slovakia"]
[Date "2020.09.05"]
[Round "10.6"]
[White "Schwarz, Dusan"]
[Black "Haring, Filip"]
[Result "0-1"]
[ECO "A35"]
[WhiteElo "2297"]
[BlackElo "2333"]
[Annotator "ChessBase"]
[PlyCount "72"]
[EventDate "2019.10.19"]
[EventType "team-tourn"]
[EventCountry "SVK"]
[SourceTitle "playchess.com"]
[Source "ChessBase"]
[SourceQuality "1"]
[WhiteTeam "Modra"]
[BlackTeam "Liptovska"]
[TimeControl "40/5400+30:1800+30"]

1. Nf3 Nf6 2. c4 c5 3. Nc3 Nc6 4. g3 g6 5. Bg2 d6 6. d4 cxd4 7. Nxd4 Bd7 8. O-O Bg7 9. Nc2 Qc8 10. Ne3 Bh3 11. Ncd5 h5 12. Nc7+ Kf8 13. Nxa8 h4 14. g4 Bxg2 15. Kxg2 Nxg4 16. h3 Nf6 17. Nd5 Qxa8 18. f3 Qc8 19. Bd2 Qe6 20. e4 Rh5 21. Qc2 Qe5 22. Be1 Nd4 23. Qd3 Ne6 24. Kh1 Ng5 25. Nxf6 Bxf6 26. Rd1 Qe6 27. f4 Nxe4 28. Kg2 Bxb2 29. Rb1 Nc5 30. Qf3 Bf6 31. Bf2 Qxc4 32. Bxc5 Rxc5 33. Rxb7 Qxa2+ 34. Rf2 Rc2 35. Rxa7 Rxf2+ 36. Qxf2 Qxf2+ 0-1

[Event "SVK Extraliga 2019-20"]
[Site "Slovakia"]
[Date "2020.09.05"]
[Round "10.6"]
[White "Cibickova, Zuzana"]
[Black "Lisko, Frantisek"]
[Result "0-1"]
[ECO "B40"]
[WhiteElo "2256"]
[BlackElo "2223"]
[Annotator "ChessBase"]
[PlyCount "100"]
[EventDate "2019.10.19"]
[EventType "team-tourn"]
[EventCountry "SVK"]
[SourceTitle "playchess.com"]
[Source "ChessBase"]
[SourceQuality "1"]
[WhiteTeam "Komarno"]
[BlackTeam "Dunajov"]
[TimeControl "40/5400+30:1800+30"]

1. e4 c5 2. Nf3 e6 3. d4 cxd4 4. Nxd4 Nf6 5. Nc3 Nc6 6. g3 Bb4 7. Bg2 d6 8. Nde2 O-O 9. O-O a6 10. h3 Qc7 11. a3 Bc5 12. Bg5 Nd7 13. b4 Bb6 14. b5 axb5 15. Nxb5 Qb8 16. Nxd6 Nde5 17. Nxc8 Rxc8 18. c3 Qa7 19. Ra2 h6 20. Bc1 Nc4 21. Nf4 Rd8 22. Qe2 Qa4 23. Nh5 N6e5 24. Bf4 Ra5 25. Rb1 Nd3 26. Kh2 g5 27. Bc1 Bxf2 28. Nf6+ Kg7 29. Ng4 Be1 30. Be3 Bxc3 31. Rxb7 Nxe3 32. Nxe3 Ra7 33. Rxa7 Qxa7 34. Rc2 Qxa3 35. Qh5 Qb3 36. Re2 Bd4 37. Nf1 Qd1 38. h4 Rh8 39. Qf3 Ne5 40. Qh5 Bc5 41. Bh3 f6 42. Kg2 Rb8 43. Bxe6 Rb2 44. Rxb2 Qxh5 45. Nh2 Qd1 46. hxg5 fxg5 47. Kh3 h5 48. Rb7+ Kf6 49. Bf5 g4+ 50. Kh4 Qd2 0-1

[Event "SVK Extraliga 2019-20"]
[Site "Slovakia"]
[Date "2020.09.05"]
[Round "10.6"]
[White "Striskova, Lucia"]
[Black "Sepesi, Samuel"]
[Result "0-1"]
[ECO "B56"]
[WhiteElo "1806"]
[BlackElo "2147"]
[Annotator "ChessBase"]
[PlyCount "36"]
[EventDate "2019.10.19"]
[EventType "team-tourn"]
[EventCountry "SVK"]
[SourceTitle "playchess.com"]
[Source "ChessBase"]
[SourceQuality "1"]
[BlackTeam "Snina"]
[TimeControl "40/5400+30:1800+30"]

1. e4 c5 2. Nf3 d6 3. d4 cxd4 4. Nxd4 Nf6 5. Nc3 Nc6 6. Be3 Ng4 7. Nxc6 bxc6 8. Qd2 Nxe3 9. Qxe3 Qb6 10. Qf3 Be6 11. Be2 g6 12. O-O Bg7 13. Rab1 O-O 14. b3 Qc5 15. Na4 Qxc2 16. Rfc1 Qxa2 17. Nc3 Bxc3 18. Qxc3 Qxe2 0-1

[Event "SVK Extraliga 2019-20"]
[Site "Slovakia"]
[Date "2020.09.05"]
[Round "10.7"]
[White "Danada, Tomas"]
[Black "Veres, Andrej"]
[Result "1-0"]
[ECO "A13"]
[WhiteElo "2323"]
[BlackElo "2229"]
[Annotator "ChessBase"]
[PlyCount "81"]
[EventDate "2019.10.19"]
[EventType "team-tourn"]
[EventCountry "SVK"]
[SourceTitle "playchess.com"]
[Source "ChessBase"]
[SourceQuality "1"]
[WhiteTeam "Prakovce"]
[BlackTeam "Dubnica"]
[TimeControl "40/5400+30:1800+30"]

1. Nf3 Nf6 2. c4 e6 3. g3 d5 4. Bg2 dxc4 5. Qa4+ Nbd7 6. O-O a6 7. Qxc4 b5 8. Qc2 Bb7 9. b3 c5 10. Bb2 Be7 11. d3 O-O 12. Nbd2 Rc8 13. Rac1 Qb6 14. Qb1 Rfd8 15. Rfd1 Qa7 16. e4 Qa8 17. h4 Ne8 18. e5 Nb6 19. Ne1 Bxg2 20. Nxg2 a5 21. Ne3 Nc7 22. h5 Ncd5 23. Ng4 h6 24. Ne4 a4 25. Ba1 Nb4 26. Bc3 axb3 27. axb3 Na2 28. Rc2 Nxc3 29. Rxc3 c4 30. bxc4 Na4 31. Rcc1 Ba3 32. Nd6 Bxd6 33. exd6 Qf3 34. d7 Rb8 35. Ne5 Qb7 36. c5 Qc7 37. Re1 b4 38. d4 Nc3 39. Qb3 Nd5 40. c6 Rb6 41. Rc5 1-0

[Event "SVK Extraliga 2019-20"]
[Site "Slovakia"]
[Date "2020.09.05"]
[Round "10.7"]
[White "Kravec, Patrik"]
[Black "Kapolkova, Greta"]
[Result "1-0"]
[ECO "A21"]
[WhiteElo "2126"]
[BlackElo "1567"]
[Annotator "NA"]
[PlyCount "73"]
[EventDate "2019.10.19"]
[EventType "team-tourn"]
[EventCountry "SVK"]
[SourceTitle "playchess.com"]
[Source "ChessBase"]
[SourceQuality "1"]
[WhiteTeam "Snina"]
[TimeControl "40/5400+30:1800+30"]

1. c4 e5 2. Nc3 Bc5 3. e3 Nc6 4. g3 d6 5. d3 f5 6. Bg2 Nf6 7. Nge2 O-O 8. O-O Be6 9. d4 exd4 10. exd4 Bxd4 11. Nxd4 Bxc4 12. Re1 Qd7 13. Nxc6 bxc6 14. Qa4 Bb5 15. Nxb5 cxb5 16. Qb3+ d5 17. Be3 c6 18. Rac1 a6 19. Qc3 Rac8 20. Qc5 Ne4 21. Qa7 Qxa7 22. Bxa7 Rfe8 23. f3 Nf6 24. Rxe8+ Nxe8 25. f4 Nf6 26. Bd4 Ne4 27. Bxe4 fxe4 28. b4 g6 29. g4 Kf7 30. f5 g5 31. Rc3 Rc7 32. Rh3 Kg8 33. Rh5 a5 34. a3 axb4 35. axb4 Re7 36. Rxg5+ Kf8 37. Bc5 1-0

[Event "SVK Extraliga 2019-20"]
[Site "Slovakia"]
[Date "2020.09.05"]
[Round "10.7"]
[White "Hanko, Pavol"]
[Black "Gazik, Igor"]
[Result "1/2-1/2"]
[ECO "A41"]
[WhiteElo "2104"]
[BlackElo "2221"]
[Annotator "ChessBase"]
[PlyCount "47"]
[EventDate "2019.10.19"]
[EventType "team-tourn"]
[EventCountry "SVK"]
[SourceTitle "playchess.com"]
[Source "ChessBase"]
[SourceQuality "1"]
[WhiteTeam "Dunajov"]
[BlackTeam "Podhajska"]
[TimeControl "40/5400+30:1800+30"]

1. d4 d6 2. Nf3 Nd7 3. c4 e5 4. e4 g6 5. dxe5 dxe5 6. Nc3 c6 7. Be2 Ngf6 8. O-O Qc7 9. b3 Bb4 10. Qc2 b6 11. Bb2 Bb7 12. a3 Bxc3 13. Bxc3 c5 14. Nxe5 Nxe5 15. f4 Bxe4 16. Qb2 Ned7 17. Bxf6 Nxf6 18. Qxf6 O-O 19. Bf3 Rfe8 20. Bxe4 Rxe4 21. Rae1 Rae8 22. Rxe4 Rxe4 23. Rd1 Re8 24. h3 1/2-1/2

[Event "SVK Extraliga 2019-20"]
[Site "Slovakia"]
[Date "2020.09.05"]
[Round "10.7"]
[White "Nadzamova, Viktoria"]
[Black "Zetocha, Claudiu"]
[Result "1-0"]
[ECO "C95"]
[WhiteElo "1946"]
[BlackElo "2303"]
[Annotator "ChessBase"]
[PlyCount "112"]
[EventDate "2019.10.19"]
[EventType "team-tourn"]
[EventCountry "SVK"]
[SourceTitle "playchess.com"]
[Source "ChessBase"]
[SourceQuality "1"]
[WhiteTeam "Kosice"]
[BlackTeam "Slovan"]
[TimeControl "40/5400+30:1800+30"]

1. e4 e5 2. Nf3 Nc6 3. Bb5 a6 4. Ba4 Nf6 5. O-O Be7 6. Re1 b5 7. Bb3 O-O 8. c3 d6 9. h3 Nb8 10. d4 Nbd7 11. Nbd2 Bb7 12. a4 h6 13. Nh4 Nxe4 14. Ng6 Nxd2 15. Bxd2 Re8 16. Qh5 Bg5 17. f4 Nf6 18. Bxf7+ Kxf7 19. Nxe5+ Kg8 20. Qf7+ Kh7 21. Qg6+ Kg8 22. fxg5 dxe5 23. gxf6 Qxf6 24. Qxf6 gxf6 25. dxe5 f5 26. Bxh6 Kf7 27. axb5 axb5 28. Rxa8 Bxa8 29. Bf4 Ke6 30. Ra1 Be4 31. Ra7 Re7 32. Ra6+ Kd5 33. Kf2 Kc4 34. h4 Kb3 35. h5 c6 36. h6 Bd5 37. Bg5 Rh7 38. Ra8 Kxb2 39. Bd2 Kc2 40. Ke1 Re7 41. Bg5 Rh7 42. Re8 Kxc3 43. Re7 Rh8 44. h7 Bg8 45. hxg8=Q Rxg8 46. Bd2+ Kd4 47. Bf4 Rxg2 48. Rd7+ Kc4 49. e6 Rg4 50. Be3 c5 51. e7 Re4 52. Kd2 b4 53. Rc7 b3 54. Rxc5+ Kb4 55. Rc8 b2 56. e8=Q b1=N+ 1-0

[Event "SVK Extraliga 2019-20"]
[Site "Slovakia"]
[Date "2020.09.05"]
[Round "10.8"]
[White "Petran, Peter"]
[Black "Jurcisin, Imrich"]
[Result "1-0"]
[ECO "A00"]
[WhiteElo "2248"]
[BlackElo "2077"]
[Annotator "ChessBase"]
[PlyCount "65"]
[EventDate "2019.10.19"]
[EventType "team-tourn"]
[EventCountry "SVK"]
[SourceTitle "playchess.com"]
[Source "ChessBase"]
[SourceQuality "1"]
[WhiteTeam "Slovan"]
[BlackTeam "Kosice"]
[TimeControl "40/5400+30:1800+30"]

1. g3 c5 2. Bg2 Nc6 3. e4 Nf6 4. d3 d6 5. Ne2 g6 6. O-O Bg7 7. h3 O-O 8. Be3 Rb8 9. c3 b5 10. d4 cxd4 11. cxd4 Qd7 12. Nd2 a5 13. f4 Bb7 14. d5 Nb4 15. Nb3 Rfc8 16. Nbd4 e5 17. dxe6 fxe6 18. Nc3 e5 19. Nde2 a4 20. a3 Na6 21. fxe5 dxe5 22. Qxd7 Nxd7 23. Rad1 Nac5 24. h4 Nf6 25. Bh3 Rc6 26. Nd5 Kh8 27. Nxf6 Bxf6 28. Bxc5 Rxc5 29. Rxf6 Bxe4 30. Nc3 Bc2 31. Rd2 Bb3 32. Ra6 Bc4 33. Ra7 1-0